 Dungeon Crawl Stone Soup version 0.29.0-11-gd7f09526c8 (webtiles) character file.

Game seed: 4063141441471321813

3051 Powertoast the Ducker (level 9, 0/89 HPs)
             Began as a Troll Berserker on Sept 2, 2022.
             Was an Elder of Trog.
             Slain by Menkaure (12 damage)
             ... on level 7 of the Dungeon.
             The game lasted 00:20:46 (5776 turns).

Powertoast the Ducker (Troll Berserker)             Turns: 5776, Time: 00:20:46

Health: 0/89       AC: 15    Str: 31    XL:     9   Next: 57%
Magic:  8/8        EV: 11    Int:  3    God:    Trog [****..]
Gold:   340        SH:  0    Dex:  9    Spells: 8/8 levels left

rFire   + + .      SeeInvis .   y - +1 flail (protect)
rCold   . . .      Faith    .   (no shield)
rNeg    . . .      Spirit   .   z - +2 robe {rF+}
rPois   .          Reflect  .   (helmet restricted)
rElec   .          Harm     .   r - +1 cloak {Stlth+}
rCorr   .          Rampage  .   (gloves unavailable)
Will    ++...                   (boots unavailable)
Stlth   +++.......              (no amulet)
HPRegen 2.04/turn               s - ring of protection from fire
MPRegen 0.11/turn               (no ring)

@: strong-willed, under a protective aura, regenerating
A: large, unfitting armour, claws 3, regeneration 1, shaggy fur 1, tough skin 1
a: Renounce Religion, Berserk, Trog's Hand, Brothers in Arms


You were on level 7 of the Dungeon.
You worshipped Trog.
Trog was greatly pleased with you.
You visited 1 branch of the dungeon, and saw 7 of its levels.
You also visited: Sewer.

You collected 340 gold pieces.

Inventory:

Hand Weapons
 u - a +0 giant spiked club
 y - a +1 flail of protection (weapon)
 A - a +2 mace of protection
 E - a +0 dire flail of protection
Armour
 a - a +0 animal skin
 r - a +1 cloak of stealth (worn)
 z - a +2 robe of fire resistance (worn)
 B - a +2 robe of positive energy
Jewellery
 s - a ring of protection from fire (left claw)
 F - an amulet of guardian spirit
Wands
 f - a wand of flame (25)
 j - a wand of polymorph (3)
 p - a wand of mindburst (10)
 v - a wand of iceblast (22)
Scrolls
 b - 2 scrolls of enchant weapon
 e - 3 scrolls of teleportation
 k - a scroll of brand weapon {unknown}
 l - 2 scrolls of noise
 m - 2 scrolls of magic mapping
 t - a scroll of immolation {unknown}
 x - a scroll of amnesia {unknown}
 C - a scroll of vulnerability {unknown}
 D - a scroll of poison {unknown}
Potions
 c - a potion of attraction
 d - 4 potions of flight
 g - a potion of mutation {unknown}
 h - a potion of degeneration {unknown}
 i - 6 potions of curing
 n - 3 potions of heal wounds
 o - a potion of lignification {unknown}
 q - a potion of cancellation {unknown}
 w - a potion of invisibility {unknown}
 G - a potion of brilliance {unknown}
 H - 2 potions of magic


   Skills:
 + Level 6.2 Fighting
 + Level 4.2 Maces & Flails
 - Level 2.0 Armour
 + Level 6.3 Dodging
 - Level 3.0 Stealth
 - Level 6.0 Unarmed Combat


You had 8 spell levels left.
You didn't know any spells.
Your spell library was empty.

Dungeon Overview and Level Annotations

Branches:
Dungeon (7/15)             Temple (0/1) D:6           Sewer (visited)

Altars:
Ashenzari
Cheibriados
Dithmenos
Fedhas
Makhleb
Nemelex Xobeh
Okawaru
Qazlal
Ru
Zin

Shops:
D:5 =   D:6 (   D:7 *(

Annotations:
D:7 1 runed translucent door, Menkaure


Innate Abilities, Weirdness & Mutations

You are too large for most types of armour.
You have claws for hands.
Your natural rate of healing is unusually fast.
You are covered in fur. (AC +1)
You have tough skin. (AC +1)


Message History

The sky beast is lightly wounded.
Something hits you but does no damage.
The sky beast flickers out of sight!
Something hits you but does no damage.
You closely miss something. Your claw misses something.
Something hits you but does no damage. x2
You hit something.
Something hits you but does no damage. x2
Menkaure casts a spell.
Menkaure seems to speed up.
Something hits you but does no damage. x2
Unknown command.
You miss something. Something hits you. Something shocks you.
Something hits you but does no damage.
You completely miss Menkaure. Menkaure barely misses you.
Something hits you but does no damage. Something hits you.
Something shocks you. Menkaure hits you.
Unknown command.
You hit Menkaure.
Menkaure is lightly damaged.
Something hits you but does no damage.
The iguana bites you but does no damage.
Something hits you. Something shocks you. Menkaure hits you but does no damage.
You thump Menkaure!
Menkaure is severely damaged.
Menkaure calls on the powers of darkness!
Something is bathed in an unholy light! x2; Your body is wracked with pain!
The iguana convulses!
The iguana bites you but does no damage.
Something hits you but does no damage. x2
Menkaure calls on the powers of darkness!
Something is bathed in an unholy light! x2; Your body is wracked with pain!
* * * LOW HITPOINT WARNING * * *
The iguana convulses!
Your skin crawls.
You feel strong-willed.
You hear some strange, mumbled words.
A magic dart appears from out of thin air!
The magic dart hits you!
* * * LOW HITPOINT WARNING * * *
The iguana closely misses you. Something hits you but does no damage.
Menkaure hits you!
You die...

###.......#
#.#.####............#
##........# #...##
##[..###....##
##.......##
###..####....###..##
##......##
#...##.........####
##.....##
#...###........##.#
......## #..)#
##..)...###.# .....##
#...#.##..)...#...#
######
#..l...##....##...#
#.@{...###..###....
#.{M#....#####....#
#...#....# ##....# #
#..##....# #.....# .#
#..# .... #....##
.#### #..#
.o#####...## ....##
#... ###..#...#.
###..## #...
##....###)#. ยง.....#
#.. #.....###...


You could see Menkaure (fast) and an iguana.

Vanquished Creatures
  Prince Ribbit (D:7)
  Edmund (D:6)
  A water moccasin (D:5)
  An orc warrior (D:6)
  An ice beast (D:5)
  2 ogres
  2 black bears
  A centaur (D:6)
  Blork the orc (D:6)
  A kobold brigand (Sewer)
  3 necrophages
  5 scorpions
  7 wights
  A jelly (D:4)
  4 hounds
  A gnoll bouda (D:5)
  2 orc priests
  Crazy Yiuf (D:4)
  Jessica (D:3)
  Terence (D:3)
  3 iguanas
  12 orc wizards
  10 adders
  14 gnolls
  A river rat (Sewer)
  A shadow imp (D:7)
  An ufetubus (D:4)
  A worm (D:2)
  3 dart slugs
  18 orcs
  5 ball pythons
  6 bats
  4 endoplasms
  5 giant cockroaches
  6 goblins
  8 hobgoblins
  4 jackals
  12 quokkas
  7 frilled lizards
  10 kobolds
  11 rats
180 creatures vanquished.

Vanquished Creatures (others)
  13 plants (D:4)
13 creatures vanquished.

Grand Total: 193 creatures vanquished

Notes
Turn   | Place    | Note
-------+----------+-------------------------------------------
     0 | D:1      | Powertoast the Troll Berserker began the quest for the Orb.
     0 | D:1      | Reached XP level 1. HP: 22/22 MP: 0/0
    88 | D:1      | Reached XP level 2. HP: 26/29 MP: 1/1
   148 | D:1      | Found a faded altar of an unknown god.
   328 | D:1      | Reached XP level 3. HP: 36/36 MP: 2/2
   524 | D:1      | Reached ** piety under Trog
  1046 | D:2      | Reached XP level 4. HP: 44/44 MP: 3/3
  1056 | D:2      | You fall into a shaft and drop 2 floors!
  1118 | D:4      | Noticed a scorpion
  1125 | D:4      | Killed a scorpion
  1126 | D:4      | Reached XP level 5. HP: 53/53 MP: 4/4
  1149 | D:4      | Identified the +1 scale mail of Diotuor {Will+}
  1372 | D:2      | Found a snail-covered altar of Cheibriados.
  1638 | D:3      | Reached *** piety under Trog
  1717 | D:3      | Noticed Jessica
  1717 | D:3      | Noticed Terence
  1733 | D:3      | Killed Terence
  1734 | D:3      | Reached skill level 5 in Unarmed Combat
  1751 | D:3      | Killed Jessica
  1752 | D:3      | Reached XP level 6. HP: 5/61 MP: 5/5
  1864 | D:3      | Found a sparkling altar of Nemelex Xobeh.
  2531 | D:4      | Found a runed translucent door.
  2532 | D:4      | Noticed Crazy Yiuf
  2715 | D:4      | Found a stormy altar of Qazlal.
  2985 | D:4      | Reached skill level 1 in Armour
  3115 | D:4      | Killed Crazy Yiuf
  3116 | D:4      | Reached XP level 7. HP: 43/70 MP: 6/6
  3175 | D:5      | Entered Level 5 of the Dungeon
  3287 | D:5      | Found a burning altar of Makhleb.
  3287 | D:5      | Found a sacrificial altar of Ru.
  3288 | D:5      | Found an iron altar of Okawaru.
  3331 | D:5      | Found a broken altar of Ashenzari.
  3439 | D:5      | Reached skill level 1 in Stealth
  3669 | D:5      | Found Pumol's Jewellery Boutique.
  3681 | D:5      | Found a glowing silver altar of Zin.
  3683 | D:5      | Found a blossoming altar of Fedhas.
  3704 | D:5      | Reached XP level 8. HP: 70/79 MP: 7/7
  3765 | D:5      | Reached **** piety under Trog
  3766 | D:5      | Reached skill level 1 in Maces & Flails
  3818 | D:5      | Reached skill level 5 in Dodging
  3959 | D:6      | Noticed Edmund
  3968 | D:6      | Killed Edmund
  3969 | D:6      | Reached skill level 5 in Fighting
  4087 | D:6      | Noticed Blork the orc
  4103 | D:6      | Killed Blork the orc
  4130 | D:6      | Found Ajoiqutza's Weapon Emporium.
  4166 | D:6      | Found a glowing drain.
  4190 | Sewer    | Entered a sewer
  4303 | Sewer    | Found a white marble altar of Elyvilon.
  4393 | D:6      | Found a staircase to the Ecumenical Temple.
  4547 | D:6      | Reached XP level 9. HP: 88/88 MP: 8/8
  4987 | D:7      | Noticed Prince Ribbit
  5000 | D:7      | Killed Prince Ribbit
  5024 | D:7      | Found Jumiofel's Weapon Shop.
  5174 | D:7      | Found a runed translucent door.
  5223 | D:7      | Found Ameuquv's Gadget Gallery.
  5247 | D:7      | Found a shadowy altar of Dithmenos.
  5764 | D:7      | Noticed Menkaure
  5776 | D:7      | Slain by Menkaure

Illustrated notes

Levels and vault maps discovered:
D:1:      moated_graveyard_arrival, layout_basic, serial_glass, glass_columns_c,
          glass_columns_a, basic_ecumenical_altar, interstate_on_off,
          st_stairs_12
D:2:      layout_basic, basic_altar
D:3:      layout_basic, nicolae_overflow_hidden_temple, minmay_misc_feat_roman,
          kennysheep_generic_room_12, uniq_jessica, uniq_terence
D:4:      wad_woods_tower, layout_basic, grunt_qazlal_clouds,
          uniq_crazy_yiuf_cottage
D:5:      layout_basic, amcnicky_altar_gilded, fedhas_altar_2,
          nicolae_overflow_quartered_altars, serial_shops, nicolae_shop_trees
D:6:      layout_basic, minmay_temple_entry_antechambers, serial_shops,
          nicolae_shop_bloodbath_and_beyond, portal_sewer_entry_a,
          hangedman_decor_lopped, uniq_edmund, uniq_blork_the_orc
D:7:      minmay_flawed_box, layout_basic, grunt_dithmenos_smoke_and_mirrors,
          ebering_ghost_reflecting_pool, nicolae_stop_n_shop_1,
          hangedman_decor_peaks_small, kennysheep_cross_room,
          nicolae_shop_gadgets, uniq_prince_ribbit1, uniq_menkaure

Skill      XL: |  1  2  3  4  5  6  7  8  9 |
---------------+----------------------------+-----
Unarmed Combat | 4 5 6 |  6.0
Fighting       | 3 4 5 6 |  6.2
Dodging        | 3 4 5 6 |  6.3
Armour         | 1 2 |  2.0
Stealth        | 1 2 3 |  3.0
Maces & Flails | 3 4 |  4.2

Action                   |  1- 3 |  4- 6 |  7- 9 || total
-------------------------+-------+-------+-------++-------
Melee: Unarmed           |   105 |   155 |    80 ||   340
       Punch             |     4 |     3 |    12 ||    19
       Giant spiked club |       |       |     5 ||     5
       Flail             |       |       |   272 ||   272
Invok: Berserk           |       |     1 |     3 ||     4
       Trog's Hand       |       |       |     4 ||     4
  Use: Scroll            |       |     4 |     6 ||    10
 Stab: Sleeping          |     1 |     2 |     5 ||     8
       Distracted        |     1 |       |       ||     1
Armor: Animal skin       |    34 |    37 |    94 ||   165
       Robe              |       |       |   121 ||   121
Dodge: Dodged            |    56 |    77 |   251 ||   384
